 Dungeon Crawl Stone Soup version 0.18.1-50-g88ac8fd (webtiles) character file.

519 HungrySpirit the Cutter (level 7, -4/44 HPs)
             Began as a Halfling Assassin on Sept 20, 2016.
             Slain by an orc
             ... wielding a +0 club
              (6 damage)
             ... on level 4 of the Dungeon.
             The game lasted 00:10:15 (4484 turns).

HungrySpirit the Cutter (Halfling Assassin)         Turns: 4484, Time: 00:10:16

Health: -4/44      AC:  5    Str: 11    XL:     7   Next: 45%
Magic:  7/7        EV: 17    Int: 10    God:
Gold:   178        SH:  0    Dex: 18    Spells: 0 memorised, 6 levels left

rFire  . . .     SeeInvis +     a - +2 dagger
rCold  . . .     Gourm    .     v - +0 leather armour
rNeg   . . .     Faith    .     (shield restricted)
rPois  .         Spirit   .     y - +0 helmet {SInv}
rElec  .         Dismiss  +     d - +0 cloak
rCorr  .         Reflect  .     (no gloves)
SustAt .         Harm     .     (no boots)
MR     .....                    j - amulet of dismissal
Stlth  ++++......               (no ring)
                                F - +1 ring of evasion

@: not resistant to hostile enchantments, stealthy
A: mutation resistance 1
a: no special abilities


You were on level 4 of the Dungeon.
You were hungry.

You visited 1 branch of the dungeon, and saw 5 of its levels.

You collected 178 gold pieces.

Inventory:

Hand Weapons
 a - a +2 dagger (weapon)
 b - a +0 blowgun
 m - a +0 falchion
 t - a +0 rapier
Missiles
 e - 7 poisoned needles
 f - 2 curare-tipped needles
 k - a throwing net (quivered)
Armour
 d - a +0 cloak (worn)
 v - a +0 leather armour (worn)
 y - a +0 helmet of see invisible (worn)
Jewellery
 j - an amulet of dismissal (around neck)
 F - a +1 ring of evasion (left hand)
Wands
 o - a wand of digging (13/24)
Scrolls
 h - 6 scrolls of identify
 i - 2 scrolls of remove curse
 l - 2 scrolls of blinking
 s - a scroll of amnesia
 A - a scroll of teleportation {unknown}
 B - a scroll of enchant armour {unknown}
 C - 3 scrolls of noise {unknown}
 D - a scroll of magic mapping
Potions
 n - a potion of mutation
 p - a potion of cure mutation
 u - a potion of heal wounds
 w - a potion of haste
 x - a potion of flight
 E - a potion of curing
 G - a potion of brilliance
Books
 r - a book of the Sky

   Spells                             Type                      Level
   a - Summon Lightning Spire         Summoning/Air                4
   b - Airstrike                      Air                          4
   c - Silence                        Hexes/Air                    5
   d - Deflect Missiles               Charms/Air                   6
   e - Conjure Ball Lightning         Conjuration/Air              6
   f - Tornado                        Air                          9
Comestibles
 g - 4 bread rations
 q - a beef jerky
 z - a royal jelly


   Skills:
 - Level 1.7 Fighting
 * Level 7.3 Short Blades
 - Level 2.1 Throwing
 + Level 4.1 Dodging
 + Level 6.1 Stealth


You had 6 spell levels left.
You didn't know any spells.

Dungeon Overview and Level Annotations

Branches:
Dungeon (5/15)
 Temple: D:4-7

Altars:
Dithmenos
Elyvilon
Makhleb
Nemelex Xobeh
Ru
Trog
Yredelemnul

Annotations:
D:3 bworf's ghost, amateur HuSk


Innate Abilities, Weirdness & Mutations

You are small and have problems with some larger weapons.
You are somewhat resistant to further mutation.


Message History

You kill the orc!
You hit the orc.
The orc is moderately wounded.
The orc closely misses you.
You barely miss the orc.
The orc is moderately wounded.
A giant gecko comes into view.
You closely miss the orc.
The orc is moderately wounded.
The orc hits you with a club.
* * * LOW HITPOINT WARNING * * *
You hit the orc but do no damage.
The orc is moderately wounded.
You hit the orc but do no damage.
The orc is moderately wounded.
The orc misses you.
You closely miss the orc.
The orc is moderately wounded.
The orc hits you with a club.
You die...

..#
#.#.##.#.######.....>......#
..#
#.#....#...................#
..#
#.#.############...(.......#
..# #..........#
#...........# ..#
###.######.#####.##'########
..#
#.#####......#.##.#########
#.#
#...........<..............
#.#
######'#..#########......####
#.#
#.........#)@....l...###.#
#.#
#.........#o########.###.#
#.#
#.....ooo(#.#..........#.#
#.#
#........o#.#.###..#.#.#.#
#.# #.........#.#
#....#.#...# #.#
#....$..#.#.#+#.#..#.##.##
#+#.....##...$.........#.##.#
..................[...##.##.#
.... ..#######..........##.#


You could see an orc and a giant gecko.

Vanquished Creatures
  Sigmund (D:4)
  An ogre (D:3)
  A howler monkey (D:4)
  A hound (D:4)
  Ijyb (D:2)
  An iguana (D:4)
  A worker ant (D:4)
  3 adders
  An ooze (D:1)
  An adder skeleton (D:4)
  2 worms
  A dart slug (D:2)
  3 giant geckos
  9 orcs (D:4)
  8 bats
  6 giant cockroaches
  13 goblins
  7 hobgoblins
  6 jackals
  A quokka (D:2)
  A ball python (D:2)
  6 giant newts
  6 kobolds (D:1)
  7 rats
88 creatures vanquished.

Notes
Turn   | Place    | Note
--------------------------------------------------------------
     0 | D:1      | HungrySpirit the Halfling Assassin began the quest for the Orb.
     0 | D:1      | Reached XP level 1. HP: 14/14 MP: 1/1
   529 | D:1      | Reached XP level 2. HP: 19/19 MP: 2/2
   543 | D:1      | Reached skill level 3 in Short Blades
   863 | D:1      | Reached XP level 3. HP: 24/24 MP: 3/3
  1126 | D:2      | Found a bloodstained altar of Trog.
  1131 | D:2      | Found a shadowy altar of Dithmenos.
  1235 | D:2      | Reached skill level 4 in Short Blades
  1383 | D:2      | Found a burning altar of Makhleb.
  1450 | D:2      | Reached XP level 4. HP: 29/29 MP: 4/4
  1825 | D:2      | Noticed Ijyb
  1903 | D:2      | Killed Ijyb
  1903 | D:2      | Reached skill level 5 in Stealth
  2340 | D:3      | Noticed a phantom
  2393 | D:3      | Found a sacrificial altar of Ru.
  2490 | D:3      | Reached XP level 5. HP: 34/34 MP: 5/5
  2564 | D:3      | Noticed bworf's ghost (amateur HuSk)
  2849 | D:3      | Found a white marble altar of Elyvilon.
  2913 | D:3      | Found a sparkling altar of Nemelex Xobeh.
  2970 | D:3      | Reached skill level 5 in Short Blades
  3163 | D:4      | Noticed Sigmund
  3641 | D:4      | Reached XP level 6. HP: 39/39 MP: 6/6
  3794 | D:4      | Killed Sigmund
  3794 | D:4      | Reached skill level 6 in Short Blades
  3794 | D:4      | Reached XP level 7. HP: 27/44 MP: 7/7
  4170 | D:3      | Reached skill level 7 in Short Blades
  4224 | D:5      | Entered Level 5 of the Dungeon
  4404 | D:4      | Found a basalt altar of Yredelemnul.
  4481 | D:4      | HP: 2/44 [orc/club (1)]
  4484 | D:4      | Slain by an orc

Skill      XL: |  1  2  3  4  5  6  7 |
---------------+----------------------+-----
Short Blades   | 3 4 5 6 7 |  7.3
Dodging        | 2 3 4 |  4.1
Stealth        | 5 6 |  6.1
Fighting       | |  1.7
Throwing       | |  2.1

Action                   |  1- 3 |  4- 6 |  7- 9 || total
-------------------------+-------+-------+-------++-------
Melee: Dagger            |    78 |   213 |    71 ||   362
 Fire: Blowgun           |       |       |     8 ||     8
Throw: Throwing net      |       |       |     1 ||     1
Evoke: Wand              |       |       |     1 ||     1
  Use: Scroll            |     2 |     6 |     3 ||    11
       Potion            |       |     5 |     1 ||     6
 Stab: Sleeping          |    15 |    11 |     2 ||    28
       Distracted        |       |     1 |       ||     1
  Eat: Chunk             |     1 |     8 |     2 ||    11
Armor: Robe              |     7 |    17 |       ||    24
       Leather armour    |       |     6 |    16 ||    22
Dodge: Dodged            |    43 |   118 |    51 ||   212
